 Dungeon Crawl Stone Soup version 0.31.0-32-g396128a36d (webtiles) character file.

Game seed: 11799039735951832623

527 Henri the Vexing (level 7, -1/35 HPs)
             Began as a Spriggan Hexslinger on Apr 18, 2024.
             Was an Initiate of Fedhas.
             Succumbed to a killer bee's poison
             ... on level 5 of the Dungeon.
             The game lasted 00:18:29 (5089 turns).

Henri the Vexing (Spriggan Hexslinger)              Turns: 5089, Time: 00:18:30

Health: -1/35      AC:  3    Str:  4    XL:     7   Next: 3%
Magic:  10/10      EV: 18    Int: 14    God:    Fedhas [......]
Gold:   133        SH:  0    Dex: 20    Spells: 3/8 levels left

rFire   . . .        a - +1 sling
rCold   . . .        (no shield)
rNeg    . . .        c - +1 robe
rPois   .            (helmet restricted)
rElec   .            (no cloak)
rCorr   .            (gloves unavailable)
SInv    +            (boots unavailable)
Will    +....        (no amulet)
Stlth   ++           (no ring)
HPRegen 0.25/turn    (no ring)
MPRegen 0.12/turn

%: no passive effects
@: brilliant, lethally poisoned (-1 -> -7), very quick
A: very small, no large weapons, unfitting armour, see invisible, speed 3
a: Renounce Religion


You were on level 5 of the Dungeon.
You worshipped Fedhas.
Fedhas was noncommittal.
You visited 2 branches of the dungeon, and saw 6 of its levels.

You collected 133 gold pieces.

Inventory:

Hand Weapons
 a - a +1 sling (weapon)
Armour
 c - a +1 robe (worn)
Jewellery
 u - an amulet of guardian spirit
Wands
 s - a wand of mindburst (13)
 t - a wand of iceblast (4)
 x - a wand of acid (11)
Scrolls
 b - 2 scrolls of poison
 d - a scroll of vulnerability {unknown}
 e - 2 scrolls of teleportation
 f - 6 scrolls of noise {unknown}
 g - a scroll of brand weapon {unknown}
 i - 4 scrolls of enchant armour
 j - a scroll of fear {unknown}
 l - 2 scrolls of revelation {unknown}
 m - 2 scrolls of enchant weapon {unknown}
 q - 2 scrolls of blinking {unknown}
 w - a scroll of immolation {unknown}
 y - a scroll of torment {unknown}
Potions
 h - 2 potions of lignification
 k - 3 potions of degeneration
 n - a potion of mutation
 r - 2 potions of berserk rage
 z - a potion of enlightenment {unknown}


   Skills:
 + Level 2.7 Fighting
 * Level 5.0 Ranged Weapons
 - Level 2.6 Dodging
 - Level 1.3 Spellcasting
 * Level 6.6 Hexes
 - Level 0.7 Fire Magic


You had 3 spell levels left.
You knew the following spells:

 Your Spells              Type           Power      Damage    Failure   Level
a - Jinxbite              Hex            58%        N/A       2%          2
b - Sigil of Binding      Hex            29%        N/A       4%          3

Your spell library contained the following spells:

 Spells                   Type           Power      Damage    Failure   Level
 Inner Flame              Hex/Fire       16%        N/A       17%         3
 Dazzling Flash           Conj/Hex       30%        N/A       19%         3
 Foxfire                  Conj/Fire      8%         2x1d4     22%         1
 Volatile Blastmotes      Fire/Tloc      4%         2d10      54%         3
 Cause Fear               Hex            14%        N/A       16%         4
 Dimensional Bullseye     Hex/Tloc       7%         N/A       54%         4
 Plasma Beam              Fire/Air       1%         2x1d11    100%        6
 Starburst                Conj/Fire      1%         6d3       100%        6
 Maxwell's Capacitive Co  Air            0%         ∞         100%        8


Dungeon Overview and Level Annotations

Branches:
Dungeon (5/15)             Temple (1/1) D:4

Altars:
Ashenzari
Cheibriados
Dithmenos
Elyvilon
Fedhas
Kikubaaqudgha
Makhleb
Okawaru
Qazlal
Ru
Sif Muna
Trog
Vehumet
Wu Jian
Xom
Yredelemnul
The Shining One

Shops:
D:4 (

Annotations:
D:4 Eustachio, Menkaure


Innate Abilities, Weirdness & Mutations

You are very small and have problems with some larger weapons.
You are too small for most types of armour.
You have supernaturally acute eyesight. (SInv)
You cover ground extremely quickly. (Speed+++)


Message History

Your +1 robe unmelds from your body.
* * * LOW HITPOINT WARNING * * *
You feel sick. The killer bee completely misses you.
The killer bee closely misses you.
It was a potion of heal wounds.
You feel much better.
You feel sick. The killer bee misses you. The killer bee barely misses you.
Fire: a) +1 sling
Press: ? - help, Q - select action, (/) - cycle Shift-Dir - straight line, f/p - killer bee
Aim: a killer bee (38% to hit)
You shoot a sling bullet. The sling bullet hits the killer bee.
The killer bee is lightly wounded.
You feel sick. The killer bee misses you. The killer bee stings you.
You are more poisoned.
The killer bee poisons you!
Fire: a) +1 sling
Press: ? - help, Q - select action, (/) - cycle Shift-Dir - straight line, f/p - killer bee
Aim: a killer bee (lightly wounded, 38% to hit)
You shoot a sling bullet.
The sling bullet closely misses the killer bee.
You feel very sick. The killer bee closely misses you.
The killer bee barely misses you. The killer bee stings you.
Okay, then.
Okay, then.
Fire: a) +1 sling
Press: ? - help, Q - select action, (/) - cycle Shift-Dir - straight line, f/p - killer bee
Aim: a killer bee (lightly wounded, 38% to hit)
You shoot a sling bullet. The sling bullet hits the killer bee.
The killer bee is heavily wounded.
You feel sick. The killer bee stings you.
* * * LOW HITPOINT WARNING * * *
The killer bee stings you.
* * * LOW HITPOINT WARNING * * *
Fire: a) +1 sling
Press: ? - help, Q - select action, (/) - cycle Shift-Dir - straight line, f/p - killer bee
Aim: a killer bee (heavily wounded, 38% to hit)
You shoot a sling bullet.
The sling bullet closely misses the killer bee.
You die...
Fedhas appreciates your contribution to the ecosystem.

#.......#
#.....)## #....(.#
#......##
#..y.....
##########.....<.#
#.................
#††.........y.....
#@y..............#
############.....#
.....## #####...
####


You could see a killer bee.

Vanquished Creatures
  A scorpion (D:3)
  2 killer bees (D:5)
  A jelly (D:3)
  An orc priest (D:4)
  Terence (D:2)
  An iguana (D:4)
  2 orc wizards (D:3)
  2 gnolls (D:3)
  11 adders
  A ribbon worm (D:2)
  2 dart slugs (D:3)
  4 orcs (D:4)
  13 endoplasms
  4 giant cockroaches
  5 goblins
  9 hobgoblins
  2 jackals (D:2)
  5 quokkas
  9 ball pythons
  9 bats
  2 frilled lizards
  8 kobolds
  6 rats
101 creatures vanquished.

Notes
Turn   | Place    | Note
-------+----------+-------------------------------------------
     0 | D:1      | Henri the Spriggan Hexslinger began the quest for the Orb.
     0 | D:1      | Reached XP level 1. HP: 9/9 MP: 3/3
   269 | D:1      | Reached skill level 1 in Fighting
   305 | D:1      | Reached XP level 2. HP: 12/14 MP: 5/5
   306 | D:1      | Reached skill level 4 in Hexes
   589 | D:1      | Learned a level 2 spell: Jinxbite
   751 | D:1      | Found a faded altar of an unknown god.
   943 | D:1      | Reached XP level 3. HP: 18/18 MP: 6/6
  1341 | D:2      | Found a shadowy altar of Dithmenos.
  1516 | D:2      | Noticed Terence
  1546 | D:2      | Killed Terence
  1547 | D:2      | Reached XP level 4. HP: 22/22 MP: 7/7
  1874 | D:2      | Reached skill level 5 in Hexes
  2522 | D:3      | Reached XP level 5. HP: 26/26 MP: 8/8
  2526 | D:3      | Learned a level 3 spell: Sigil of Binding
  2763 | D:3      | Found an iron altar of Okawaru.
  3093 | D:3      | Found a stormy altar of Qazlal.
  3382 | D:4      | Found Umis's Weapon Shoppe.
  3433 | D:4      | Reached XP level 6. HP: 30/30 MP: 9/9
  3630 | D:3      | Reached skill level 6 in Hexes
  3981 | D:4      | Noticed Eustachio
  4193 | D:4      | Found a staircase to the Ecumenical Temple.
  4203 | Temple   | Entered the Ecumenical Temple
  4230 | Temple   | Became a worshipper of Fedhas Madash
  4544 | D:4      | Found a shimmering altar of Xom.
  4553 | D:4      | Found an ancient bone altar of Kikubaaqudgha.
  4590 | D:5      | Entered Level 5 of the Dungeon
  4628 | D:5      | Noticed Menkaure
  4640 | D:4      | HP: 1/32 [Menkaure/nerve-wracking pain (10)]
  4964 | D:4      | You fall into a shaft and drop 1 floor!
  5079 | D:5      | Reached skill level 5 in Ranged Weapons
  5079 | D:5      | Reached XP level 7. HP: 8/35 MP: 10/10
  5088 | D:5      | HP: 1/35 [killer bee (6)]
  5089 | D:5      | Succumbed to a killer bee's poison

Illustrated notes

Levels and vault maps discovered:
D:1:      elethiomel_arrival_quiet, layout_loops_corners,
          basic_ecumenical_altar, chequers_serial_rivers_micro_e,
          dk_noncrumbling_2, st_stairs_12, minmay_vboxes
D:2:      layout_basic, basic_altar, uniq_terence
D:3:      wad_woods_stonehenge, layout_loops_ring, mainiacjoe_overflow_paths
D:4:      layout_rooms, mainiacjoe_overflow_swirl, minmay_temple_entry_ruins,
          serial_shops, shop, minivault_4, uniq_eustachio
D:5:      layout_rooms, nemelex_spade_bored_becter, uniq_menkaure
Temple:   hc_temple_tempest_star

Skill      XL: |  1  2  3  4  5  6 |
---------------+-------------------+-----
Fighting       | 1 2 |  2.7
Hexes          | 4 5 6 |  6.6
Ranged Weapons | 3 4 5 |  5.0
Dodging        | |  2.6
Spellcasting   | |  1.3
Fire Magic     | |  0.7

Action                     |  1- 3 |  4- 6 |  7- 9 || total
---------------------------+-------+-------+-------++-------
   Fire: Sling             |   113 |   323 |     9 ||   445
    Use: Scroll            |     4 |     2 |       ||     6
         Potion            |       |     3 |     2 ||     5
 Armour: Robe              |    13 |    43 |     4 ||    60
         Skin              |       |    77 |    11 ||    88
  Dodge: Dodged            |    38 |   111 |     7 ||   156
